 Dungeon Crawl Stone Soup version 0.17-a0-1691-g18a3847 (webtiles) character file.

520 ololoev the Slicer (level 7, 50/56 (57) HPs)
             Began as a Grey Draconian Chaos Knight on Aug 20, 2015.
             Quit the game on level 5 of the Dungeon.
             The game lasted 00:10:25 (4261 turns).

ololoev the Slicer (Grey Draconian Chaos Knight)    Turns: 4261, Time: 00:10:26

HP:   50/56 (57)    AC: 14    Str: 14    XL:     7   Next: 1%
MP:   7/7           EV: 12    Int: 13    God:    Xom [....*.]
Gold: 245           SH:  0    Dex: 12    Spells: 1 memorised, 4 levels left

rFire  . . .     SeeInvis +     a - +1 dagger (flame)
rCold  . . .     Clarity  .     (armour unavailable)
rNeg   . . .     SustAt   .     (no shield)
rPois  .         Gourm    .     (helmet restricted)
rElec  .         Spirit   .     w - +0 cloak
rCorr  .         Warding  .     (no gloves)
rMut   .         Stasis   .     (no boots)
MR     .....                    y - amulet of faith
Stlth  +.........               (no ring)
                                o - +2 ring of protection

@: not resistant to hostile enchantments, very unstealthy
A: walk through water, unfitting armour, stinger 1, see invisible, unbreathing,
cold-blooded, AC +11
a: Renounce Religion


Innate Abilities, Weirdness & Mutations

You can walk through water.
Your dull iron-grey scales are very hard (AC +11).
Your body does not fit into most forms of armour.
You can survive without breathing.
You are cold-blooded and may be slowed by cold attacks.
Your tail ends in a poisonous barb.
You have supernaturally acute eyesight.

Inventory:

Hand weapons
 a - a +1 dagger of flaming (weapon)
Armour
 w - a +0 cloak (worn)
Jewellery
 k - an uncursed ring of teleportation
 o - a +2 ring of protection (left hand)
 y - an amulet of faith (around neck)
Magical devices
 C - a wand of confusion (30)
Scrolls
 e - 4 scrolls of fear {unknown}
 f - 2 scrolls of magic mapping
 h - a scroll of remove curse
 l - a scroll of noise {unknown}
 m - a scroll of recharging {unknown}
 q - 2 scrolls of identify {unknown}
 r - a scroll of fog {unknown}
 s - a scroll of blinking {unknown}
 u - a scroll of immolation
 v - a scroll of enchant weapon {unknown}
Potions
 d - 3 potions of curing
 g - a potion of cure mutation {unknown}
 i - 2 potions of magic {unknown}
 p - 2 potions of flight {unknown}
 t - 2 potions of lignification {unknown}
 x - 2 potions of cancellation {unknown}
 A - a potion of ambrosia {unknown}
 B - a potion of might {unknown}
Books
 n - a book of the Tempests

   Spells                             Type                      Level
   a - Static Discharge               Conjuration/Air              3
   b - Lightning Bolt                 Conjuration/Air              5
   c - Fireball                       Conjuration/Fire             5
   d - Tornado                        Air                          9
   e - Shatter                        Earth                        9
Miscellaneous
 z - a fan of gales (inert)
Comestibles
 b - 4 bread rations
 c - 4 meat rations
 j - a royal jelly
 D - 3 chunks of flesh


   Skills:
 - Level 3.2 Fighting
 + Level 8.0 Short Blades
 - Level 2.1 Dodging


You had 4 spell levels left.
You knew the following spells:

 Your Spells              Type           Power        Failure   Level  Hunger
a - Ensorcelled Hibernat  Hex/Ice        #.....       47%         2    ###....


You were on level 5 of the Dungeon.
You worshipped Xom.
You were a beloved toy of Xom.
You were hungry.

You visited 1 branch of the dungeon, and saw 5 of its levels.

You collected 245 gold pieces.

. ################.
#...........#....
#.#########.#....
#.#.......#.#....
#.#.#####.#.#....
#.#.............(
#######.#######.#.#....
#.....@E........#.#.... ######
#......####....##.###.. ......
........................
#######..##......####..(.##.###..
#PPPPP.......[.......#....[.
#PP$$P.##.######.....#..##..
#P$$$P# #. #####.#. #..
######PPP$P# #. #.# #..
......PPPPP# #######.# (...

Notes
Turn   | Place    | Note
--------------------------------------------------------------
     0 | D:1      | ololoev the Draconian Chaos Knight began the quest for the Orb.
     0 | D:1      | Reached XP level 1. HP: 19/19 MP: 1/1
   122 | D:1      | XOM: silly message
   130 | D:1      | Reached XP level 2. HP: 26/26 MP: 2/2
   251 | D:1      | XOM: harmless Divn miscast
   337 | D:1      | XOM: silly message
   361 | D:1      | Reached skill level 4 in Short Blades
   651 | D:2      | Noticed Jessica
   656 | D:2      | XOM: butterfly on damage
   661 | D:2      | Killed Jessica
   661 | D:2      | Reached XP level 3. HP: 10/31 MP: 3/3
   793 | D:1      | XOM: mild Necr miscast
   850 | D:1      | XOM: mild Conj miscast
  1129 | D:2      | Noticed Ijyb
  1145 | D:2      | Killed Ijyb
  1145 | D:2      | Reached skill level 5 in Short Blades
  1145 | D:2      | Reached XP level 4. HP: 20/37 MP: 4/4
  1674 | D:3      | XOM is BORED!
  1674 | D:3      | XOM: mild Divn miscast
  1979 | D:3      | Reached XP level 5. HP: 44/44 MP: 5/5
  2019 | D:3      | Noticed Terence
  2056 | D:3      | XOM: summons 5 friendly demons
  2064 | D:3      | Learned a level 2 spell: Ensorcelled Hibernation
  2067 | D:3      | Killed Terence
  2257 | D:3      | Reached skill level 6 in Short Blades
  2979 | D:4      | Reached XP level 6. HP: 40/50 MP: 6/6
  3037 | D:4      | XOM: vitrification
  3059 | D:4      | XOM: fog
  3079 | D:4      | Reached skill level 7 in Short Blades
  3084 | D:4      | Found an iron altar of Okawaru.
  3144 | D:4      | XOM: god gift: dented garnet amulet {god gift}
  3201 | D:4      | XOM: give mutations
  3201 | D:4      | Gained mutation: You have supernaturally acute eyesight. [Xom's grace]
  3201 | D:4      | Gained mutation: Your tail ends in a poisonous barb. [Xom's grace]
  3445 | D:4      | XOM: destruction
  3470 | D:4      | XOM: 9-stop teleportation journey
  3745 | D:4      | XOM: god gift: fan of gales
  3773 | D:5      | Entered Level 5 of the Dungeon
  3941 | D:5      | Found a stormy altar of Qazlal.
  4000 | D:5      | XOM: swap monsters
  4010 | D:5      | XOM: divination: detect creatures
  4047 | D:5      | Found a sparkling altar of Nemelex Xobeh.
  4060 | D:5      | Found an ancient bone altar of Kikubaaqudgha.
  4113 | D:5      | XOM: god gift: 6 steel tomahawks
  4184 | D:5      | XOM: swap monsters
  4242 | D:5      | XOM: 1-stop teleportation journey
  4243 | D:5      | Noticed Sigmund
  4253 | D:5      | Killed Sigmund
  4253 | D:5      | Reached skill level 8 in Short Blades
  4253 | D:5      | Your scales start taking on a dull iron-grey colour.
  4253 | D:5      | Gained mutation: You can survive without breathing. [Grey Draconian growth]
  4253 | D:5      | Reached XP level 7. HP: 49/56 MP: 7/7
  4261 | D:5      | Quit the game

Dungeon Overview and Level Annotations

Branches:
Dungeon (5/15)
 Temple: D:4-7

Altars:
Kikubaaqudgha
Nemelex Xobeh
Okawaru
Qazlal

Annotations:
D:2 exclusion: door


Message History

Your air elemental closely misses Sigmund.
Sigmund zaps a wand.
Your air elemental is unaffected.
Your air elemental barely misses Sigmund.
Your air elemental hits Sigmund but does no damage.
Sigmund barely misses your air elemental.
Your air elemental closely misses Sigmund.
Your air elemental hits Sigmund!
Your air elemental hits Sigmund.
Your air elemental misses Sigmund. x2
Sigmund screams, "I am the angel of ZOT!!!"
Sigmund zaps a wand.
Your air elemental is unaffected.
Your air elemental hits Sigmund.
Your air elemental misses Sigmund.
Sigmund zaps a wand.
Your air elemental is unaffected.
Your air elemental hits Sigmund.
Your air elemental barely misses Sigmund.
Your air elemental hits Sigmund!
Sigmund closely misses your air elemental.
Your air elemental hits Sigmund but does no damage.
Your air elemental misses Sigmund.
Your air elemental barely misses Sigmund.
Sigmund mumbles some strange words.
Sigmund flickers and vanishes for a moment.
Your air elemental hits Sigmund!
Sigmund dies!
Your Short Blades skill increases to level 8!
You have reached level 7!
Your scales start taking on a dull iron-grey colour.
You feel breathless.
You swap places.
C - a wand of confusion {zapped: 4}
p - 2 sedimented cyan potions (gained 1)
Things that are here:
a scythe; a robe; the human corpse of Sigmund You butcher the human corpse of Sigmund.
D - 3 chunks of flesh
Things that are here:
a scythe; a robe Are you sure you want to abandon this character and quit the game? (Confirm with "yes".)

You could see a friendly air elemental.

Vanquished Creatures
  A crimson imp (D:5)
  Ijyb (D:2)
  4 hounds
  Jessica (D:2)
  A centaur skeleton (D:4)
  2 orc wizards (D:4)
  2 gnolls (D:4)
  7 adders
  A worm (D:2)
  3 giant geckos
  7 orcs
  12 bats
  3 giant cockroaches
  9 hobgoblins
  6 jackals
  8 kobolds
  2 quokkas
  2 ball pythons
  4 giant newts
  7 goblins
  6 rats
89 creatures vanquished.

Vanquished Creatures (collateral kills)
  Sigmund (D:5)
  Terence (D:3)
2 creatures vanquished.

Grand Total: 91 creatures vanquished

Action                   |  1- 3 |  4- 6 |  7- 9 || total
-------------------------+-------+-------+-------++-------
Melee: Short sword       |    86 |   150 |       ||   236
       Dagger            |       |   189 |       ||   189
Evoke: Fan of gales      |       |     1 |       ||     1
  Use: Scroll            |     4 |     1 |       ||     5
 Stab: Paralysed         |     2 |     1 |       ||     3
       Sleeping          |     2 |     1 |       ||     3
  Eat: Chunk             |     1 |     9 |       ||    10

Vault maps used:
D:1:      tarquinn_simple_flora_water_b, serial_glass, glass_columns_a,
          glass_columns_a
D:2:      dk_noncrumbling_3, uniq_crazy_yiuf_cottage, uniq_jessica, uniq_iyjb
D:3:      first_bread, uniq_terence
D:4:      okawaru_altar_gauntlet_db
D:5:      overflow_temple_1_default, kiku_gazebo_garden_becter,
          gammafunk_temple_overflow_statue, kennysheep_little_box,
          minmay_gold_behind_fungi, uniq_sigmund
